 Dungeon Crawl Stone Soup version 0.32-a0-656-g3542139ebd (webtiles) character file.

Game seed: 13817366359302672923

67 Khashishi the Trooper (level 4, 0/35 HPs)
             Began as a Mummy Monk on Mar 8, 2024.
             Slain by Natasha (8 damage)
             ... on level 2 of the Dungeon.
             The game lasted 00:04:54 (924 turns).

Khashishi the Trooper (Mummy Monk)                   Turns: 924, Time: 00:04:54

Health: 0/35       AC:  3    Str: 16    XL:     4   Next: 0%
Magic:  4/4        EV: 12    Int:  9    God:
Gold:   29         SH:  0    Dex: 14    Spells: 3/3 levels left

rFire   x . .        b - +4 club (heavy)
rCold   + . .        c - orb {light}
rNeg    + + +        e - +0 leather armour
rPois   ∞            (no helmet)
rElec   .            (no cloak)
rCorr   .            (no gloves)
SInv    .            (no boots)
Will    .....        (no amulet)
Stlth   +            (no ring)
HPRegen 0.25/turn    (no ring)
MPRegen 0.09/turn

%: faith
@: glowing
A: cold resistance 1, negative energy resistance 3, torment resistance 2, heat
vulnerability 1, in touch with death 1, no potions, faith
a: no special abilities


You were on level 2 of the Dungeon.
You visited 1 branch of the dungeon, and saw 2 of its levels.

You collected 48 gold pieces.
You spent 19 gold pieces at shops.

Inventory:

Hand Weapons
 a - a +0 spear
 b - a +4 heavy club (weapon)
Missiles
 g - 35 stones (quivered)
Armour
 c - an orb of light (worn)
 e - a +0 leather armour (worn)
Magical Staves
 d - a staff of air
Scrolls
 f - a scroll of enchant armour


   Skills:
 + Level 3.5 Fighting
 + Level 0.1 Maces & Flails
 - Level 2.8 Polearms
 + Level 1.2 Armour
 + Level 2.9 Dodging


You had 3 spell levels left.
You didn't know any spells.
Your spell library was empty.

Dungeon Overview and Level Annotations

Branches:
Dungeon (2/15)

Altars:

Shops:
D:1 *

Annotations:
D:2 Natasha, Sigmund


Innate Abilities, Weirdness & Mutations

You are immune to poison.
Your flesh is cold resistant. (rC+)
You are immune to negative energy. (rN+++)
You are immune to unholy pain and torment.
You are vulnerable to heat. (rF-)
You are in touch with the powers of death.
You do not drink.
You have a special connection with the divine. (Faith)


Message History

The cerulean imp barely misses you. x2
You have reached level 4!
You aren't carrying any items that you can evoke.
Okay, then.
Unknown command.
The cerulean imp closely misses you.
The cerulean imp hits you from afar with a +0 spear.
You hit the cerulean imp.
The cerulean imp is lightly wounded.
The cerulean imp closely misses you.
The cerulean imp hits you from afar with a +0 spear.
The cerulean imp hits you with a +0 spear.
The cerulean imp hits you from afar with a +0 spear.
You sock the cerulean imp!
The cerulean imp is severely wounded.
The cerulean imp hits you with a +0 spear.
* * * LOW HITPOINT WARNING * * *
The cerulean imp hits you from afar with a +0 spear.
* * * LOW HITPOINT WARNING * * *
The cerulean imp closely misses you. The cerulean imp barely misses you.
You hit the cerulean imp.
You kill the cerulean imp!
The cerulean imp disappears in a puff of smoke!
The cerulean imp hits you from afar with a +0 spear.
* * * LOW HITPOINT WARNING * * *
The cerulean imp misses you.
The cerulean imp disappears in a puff of smoke!
You hit Natasha but do no damage. Natasha barely misses you. x2
You hit Natasha.
Natasha is moderately wounded.
Natasha closely misses you. Natasha claws you.
* * * LOW HITPOINT WARNING * * *
You hit Natasha.
Natasha is heavily wounded.
Natasha claws you but does no damage. Natasha closely misses you.
You hit Natasha.
Natasha is almost dead.
Natasha claws you!
You die...
Natasha begins licking her fur clean.

...........#
###..#####.# #..#
...## #..# #....# #..#
#....# #..# ####.#
###..# ##.##
.....#♣♣♣♣♣...########
####♣♣♣P.P....Zh@....#
♣PP)...P♣#######.# #
P...P.PP♣♣ #.#.#
..P.♣♣♣♣♣ #######.#.#


.ZP ..........# ZZ #######.### ß #.# #.# #.# You could see Natasha and an adder
zombie.

Vanquished Creatures
  Jessica (D:2)
  An adder (D:2)
  A spectral adder (D:2)
  A dart slug (D:2)
  A ribbon worm (D:2)
  A ball python (D:1)
  A bat (D:1)
  A bat zombie (D:2)
  2 endoplasms (D:1)
  A goblin (D:2)
  2 hobgoblins (D:1)
  3 kobolds
  2 ball python zombies (D:2)
  3 frilled lizards
  6 rats
27 creatures vanquished.

Notes
Turn   | Place    | Note
-------+----------+-------------------------------------------
     0 | D:1      | Khashishi the Mummy Monk began the quest for the Orb.
     0 | D:1      | Reached XP level 1. HP: 18/18 MP: 1/1
   190 | D:1      | Reached XP level 2. HP: 24/24 MP: 2/2
   227 | D:1      | Found Tieweixi's Assorted Antiques.
   240 | D:1      | Bought a scroll labelled KIEGYA CIDOA for 19 gold pieces
   748 | D:2      | Reached XP level 3. HP: 22/29 MP: 3/3
   771 | D:2      | Noticed Sigmund
   782 | D:2      | Noticed Jessica
   797 | D:2      | Killed Jessica
   798 | D:2      | Reached skill level 1 in Armour
   896 | D:2      | Noticed Natasha
   915 | D:2      | Reached XP level 4. HP: 26/35 MP: 4/4
   924 | D:2      | Slain by Natasha

Illustrated notes

Levels and vault maps discovered:
D:1:      dpeg_arrival_more_subterranean_lakeside_camping, layout_basic,
          serial_shops, shop
D:2:      layout_loops_ring, dilly_guarded_unrand_morg, uniq_jessica,
          uniq_natasha, uniq_sigmund

Skill      XL: |  1  2  3 |
---------------+----------+-----
Armour         | 1 |  1.2
Fighting       | |  3.5
Maces & Flails | |  0.1
Polearms       | |  2.8
Dodging        | |  2.9

Action                     |  1- 3 |  4- 6 || total
---------------------------+-------+-------++-------
  Melee: Spear             |    58 |       ||    58
         Club              |    23 |     7 ||    30
  Throw: Stone             |     7 |       ||     7
    Use: Scroll            |     4 |       ||     4
 Armour: Leather armour    |    46 |    10 ||    56
         Robe              |     2 |       ||     2
  Dodge: Dodged            |    39 |     9 ||    48

Table legend: (Time is in decaauts)
 A = Elapsed time spent in this place.
 B = Non-inter-level travel time spent in this place.
 C = Inter-level travel time spent in this place.
 D = Time resting spent in this place.
 E = Time spent auto-exploring this place.
 F = Levels seen in this place.
 G = Mean time per level.
                   A        B        C        D        E       F      G
               +--------+--------+--------+--------+--------+-----+--------+
         Total |    950 |    935 |     15 |      0 |    611 |   2 |  475.0 |
       Dungeon |    950 |    935 |     15 |      0 |    611 |   2 |  475.0 |
               +--------+--------+--------+--------+--------+-----+--------+

Top non-repeatable levels by time:
     D:1: 594 daAuts
     D:2: 355 daAuts
